Map: Glittering Ashes LE

Players

Liquidthermy (uThermal)

  • Race: Terran Terran

Bunny - Winner!

  • Race: Terran Terran

VOD

Have the link to the VOD?

Description

Time

  • Played on: Oct. 21, 2021, 9:23 a.m.
  • Length: 12:32
Show
View Real Time Build Order
Export as new Build Order

Liquidthermy Terran 

Build Orders: Cyclone Opening 

Get SALT Encoding   

  12  0:00  SCV  
  13  0:12  SCV  
  14  0:17  Supply Depot  
  14  0:24  SCV  
  15  0:38  SCV  
  15  0:40  Barracks  
  16  0:44  Refinery  
  16  0:50  SCV  
  16  0:52  Refinery  
  17  1:02  SCV  
  18  1:15  SCV  
  19  1:27  Reaper, Orbital Command  
  19  1:28  Supply Depot  
  20  1:41  Factory  
  20  1:53  SCV  
  21  1:59  Reaper  
  22  2:05  SCV  
  23  2:17  SCV  
  24  2:28  Command Center  
  24  2:29  Factory Tech Lab  
  24  2:30  SCV  
  24  2:38  Starport  
  24  2:42  SCV  
  25  2:48  Cyclone  
  28  2:54  Supply Depot  
  28  2:56  SCV  
  29  3:08  SCV  
  29  3:20  Cyclone  
  29  3:24  Medivac  
  29  3:25  SCV  
  34  3:33  Barracks Reactor, Refinery  
  34  3:37  SCV  
  34  3:40  Orbital Command  
  35  3:49  SCV  
  36  3:59  Factory Tech Lab  
  36  4:01  SCV  
  37  4:06  SCV  
  37  4:09  Marine, Command Center  
  39  4:13  Marine, SCV  
  39  4:17  Raven  
  41  4:19  SCV  
  43  4:32  Marine x2, Siege Tank  
  43  4:34  SCV  
  43  4:35  SCV  
  49  4:41  Supply Depot  
  49  4:46  Supply Depot, SCV  
  49  4:47  SCV  
  49  4:50  Marine x2  
  53  4:58  SCV  
  54  5:02  Supply Depot, Raven  
  54  5:03  SCV  
  57  5:07  Siege Tank  
  57  5:10  SCV  
  57  5:11  Marine  
  57  5:13  Marine  
  63  5:15  SCV  
  64  5:22  SCV, Orbital Command  
  64  5:27  SCV  
  66  5:29  Marine  
  66  5:31  Marine  
  66  5:32  Refinery  
  66  5:34  SCV  
  69  5:37  Supply Depot  
  69  5:39  SCV  
  69  5:42  Siege Tank  
  73  5:47  SCV  
  75  5:57  SCV  
  75  5:59  SCV, Orbital Command  
  75  6:03  Viking x2  
  80  6:04  Stimpack  
  80  6:09  SCV  
  80  6:11  SCV  
  82  6:14  Siege Tank  
  82  6:15  Marine  
  86  6:20  Barracks  
  86  6:21  Barracks, SCV  
  86  6:23  SCV  
  88  6:27  Engineering Bay x2, SCV  
  89  6:33  Viking, SCV  
  89  6:37  Viking  
  89  6:39  Marine  
  95  6:43  SCV  
  95  6:45  Supply Depot  
  88  6:48  Siege Tank  
  88  6:49  SCV  
  88  6:52  SCV  
  93  6:55  SCV  
  93  6:57  Marine, Terran Infantry Weapons Level 1  
  93  6:58  Terran Infantry Armor Level 1  
  95  7:01  SCV  
  95  7:03  Viking  
  98  7:09  Viking  
  98  7:12  SCV, Refinery x2  
  98  7:14  Supply Depot  
  101  7:17  Barracks Reactor x2  
  101  7:18  SCV  
  101  7:20  SCV  
  103  7:24  SCV  
  103  7:25  Marine  
  103  7:27  Supply Depot  
  105  7:30  Siege Tank, SCV  
  105  7:36  SCV  
  105  7:37  SCV  
  111  7:39  Supply Depot  
  111  7:41  Supply Depot  
  111  7:42  Viking, SCV  
  111  7:43  Marine, Viking  
  117  7:44  Supply Depot  
  117  7:48  SCV  
  118  7:52  Sensor Tower  
  118  7:54  Marine, Missile Turret  
  118  7:56  Marine x3  
  118  7:58  SCV  
  123  7:59  Combat Shield  
  123  8:01  Marine  
  124  8:06  Siege Tank  
  124  8:10  Armory  
  127  8:13  Marine, Supply Depot  
  127  8:14  Marine  
  127  8:16  Marine x2  
  127  8:17  SCV  
  132  8:22  Medivac x2  
  132  8:23  Marine  
  137  8:31  Marine, Supply Depot  
  137  8:32  Marine  
  139  8:38  Siege Tank  
  139  8:41  Marine  
  143  8:42  Barracks  
  143  8:43  Marine, Barracks  
  143  8:46  Marine, SCV  
  146  8:49  Marine  
  146  8:52  Viking  
  146  8:55  Viking  
  138  9:03  Marine x2  
  136  9:11  Marine x2  
  136  9:12  SCV  
  136  9:15  Marine  
  136  9:16  Siege Tank  
  140  9:19  SCV  
  140  9:20  Marine  
  140  9:22  Marine, Viking, SCV  
  146  9:24  SCV  
  146  9:28  Marine, Viking  
  146  9:29  Marine  
  151  9:31  SCV  
  151  9:34  Marine  
  151  9:35  SCV  
  154  9:38  Marine  
  154  9:40  Supply Depot  
  155  9:46  SCV  
  155  9:47  Marine  
  155  9:48  Siege Tank  
  155  9:50  Terran Infantry Weapons Level 2  
  155  9:52  Viking  
  162  9:56  SCV  
  162  9:57  Marine  
  164  10:00  Marine  
  164  10:02  Viking, Supply Depot  
  164  10:03  Marine  
  164  10:05  Missile Turret, SCV  
  143  10:21  Marine x2  
  143  10:22  Marine, Liberator  
  143  10:24  Marine, Siege Tank  
  146  10:30  Terran Vehicle Weapons Level 1  
  146  10:32  Liberator  
  151  10:37  Barracks Reactor x2  
  151  10:39  Marine x2, Factory  
  151  10:45  Marine  
  151  10:47  Marine, Command Center  
  151  10:48  Barracks Reactor  
  153  10:56  Siege Tank  
  156  10:57  Marine  
  156  11:03  Marine  
  156  11:04  Marine  
  159  11:06  Marine, Supply Depot  
  160  11:13  Supply Depot  
  160  11:15  Marine  
  160  11:16  Marine  
  162  11:21  Marine x3  
  162  11:24  Marine x2  
  165  11:28  Siege Tank  
  165  11:29  Marine, Siege Tank  
  165  11:32  Marine  
  151  11:37  Marine x2  
  151  11:39  Marine x3  
  149  11:44  Liberator  
  145  11:47  Marine  
  145  11:48  Marine  
  144  12:00  Marine  
  144  12:01  Marine  
  139  12:06  Marine x2  
Show
View Real Time Build Order
Export as new Build Order

Bunny Terran - Winner!

Build Orders: Reaper Expand 

Get SALT Encoding   

  12  0:00  SCV  
  13  0:12  SCV  
  14  0:17  Supply Depot  
  14  0:24  SCV  
  15  0:39  Barracks, SCV  
  15  0:42  Refinery  
  16  0:51  SCV  
  17  1:03  SCV  
  18  1:15  SCV  
  19  1:26  Reaper  
  19  1:27  Orbital Command  
  20  1:41  Command Center  
  20  1:49  Supply Depot  
  20  1:53  SCV  
  21  1:58  Marine  
  22  2:05  SCV  
  23  2:10  Factory  
  23  2:17  SCV  
  23  2:18  Refinery  
  23  2:20  Barracks Reactor  
  24  2:28  Bunker  
  24  2:29  SCV  
  25  2:41  SCV  
  26  2:53  SCV  
  26  2:54  Hellion, Orbital Command  
  26  2:58  Starport  
  29  2:59  Marine  
  29  3:03  Marine  
  31  3:09  SCV  
  31  3:19  SCV  
  29  3:21  Factory Tech Lab  
  29  3:23  SCV  
  29  3:26  Marine x2  
  32  3:31  SCV  
  33  3:36  Viking  
  33  3:37  SCV  
  33  3:40  Siege Tank  
  39  3:43  SCV  
  39  3:44  Marine x2  
  42  3:48  Supply Depot  
  42  3:50  Refinery  
  42  3:52  SCV  
  43  3:55  SCV  
  44  4:04  SCV  
  44  4:08  SCV  
  46  4:12  Supply Depot  
  46  4:16  Marine x2  
  48  4:18  SCV  
  48  4:19  Raven  
  48  4:20  SCV, Factory Tech Lab  
  49  4:32  SCV x2  
  49  4:35  Marine x2  
  53  4:39  Siege Tank  
  53  4:41  Supply Depot  
  53  4:45  SCV x2  
  58  4:56  Command Center  
  58  4:57  SCV x2  
  60  5:01  Refinery  
  60  5:02  Raven  
  60  5:04  Supply Depot  
  62  5:07  Marine x2  
  62  5:09  SCV x2  
  62  5:13  Siege Tank  
  69  5:19  Supply Depot  
  69  5:21  SCV  
  69  5:26  Marine x2, Supply Depot, SCV  
  73  5:32  Supply Depot  
  73  5:35  SCV  
  74  5:37  Barracks  
  74  5:38  SCV  
  75  5:44  Barracks  
  75  5:45  Siege Tank  
  78  5:55  Viking x2  
  78  5:57  Stimpack  
  80  6:01  Engineering Bay  
  80  6:05  Engineering Bay  
  80  6:07  SCV x2  
  80  6:10  Orbital Command  
  82  6:14  Marine  
  82  6:18  Siege Tank  
  86  6:25  Viking  
  88  6:26  Viking  
  88  6:32  SCV x2  
  91  6:33  Terran Infantry Weapons Level 1  
  91  6:39  Terran Infantry Armor Level 1  
  91  6:42  Orbital Command  
  91  6:47  Barracks Reactor x2  
  91  6:54  SCV x2  
  91  6:55  Siege Tank  
  96  7:03  Marine  
  96  7:07  Barracks x2, Supply Depot  
  96  7:08  SCV x3  
  99  7:13  Sensor Tower  
  100  7:20  SCV x3  
  100  7:21  Supply Depot  
  103  7:25  Supply Depot  
  103  7:26  Medivac x2  
  106  7:32  SCV x3  
  106  7:35  Siege Tank  
  106  7:36  Marine x3  
  106  7:37  Marine x2  
  115  7:38  Refinery  
  115  7:39  Refinery  
  117  7:45  Combat Shield  
  117  7:47  SCV x2  
  117  7:48  SCV  
  120  7:52  Armory  
  120  7:54  Marine  
  121  7:58  Supply Depot x2  
  121  7:59  SCV x2  
  121  8:00  SCV  
  121  8:02  Barracks Reactor x2  
  124  8:06  Marine x4  
  124  8:11  Siege Tank  
  131  8:13  SCV x3  
  131  8:16  Medivac  
  136  8:31  Command Center  
  136  8:33  Marine x5  
  140  8:39  Factory  
  140  8:40  Supply Depot  
  139  8:43  Siege Tank  
  139  8:44  Medivac  
  139  8:46  Medivac  
  146  8:48  Marine  
  146  8:49  Marine x3  
  146  8:50  Marine  
  146  8:51  Marine x4  
  139  9:10  Marine  
  139  9:11  Marine x8  
  139  9:12  Terran Infantry Armor Level 2, Terran Infantry Weapons Level 2  
  139  9:15  Siege Tank, SCV  
  139  9:16  SCV x2  
  150  9:19  Supply Depot  
  150  9:20  Supply Depot  
  150  9:22  Medivac  
  150  9:24  Medivac  
  154  9:28  Marine  
  154  9:29  Marine x4  
  159  9:33  Terran Vehicle Weapons Level 1  
  159  9:34  Factory Tech Lab  
  159  9:36  SCV x3  
  162  9:39  Marine x3  
  162  9:41  Marine  
  166  9:49  Sensor Tower  
  166  9:51  Siege Tank  
  166  9:52  Marine x5  
  174  10:03  Siege Tank  
  174  10:06  Marine x4  
  181  10:10  Marine x2  
  171  10:17  Viking x2  
  154  10:23  Siege Tank  
  154  10:26  Marine  
  154  10:27  Marine x7  
  154  10:28  Marine  
  154  10:36  Barracks  
  154  10:37  Barracks  
  154  10:39  Barracks  
  154  10:42  SCV  
  155  10:43  Planetary Fortress, SCV x2  
  155  10:44  Marine  
  158  10:52  Marine  
  158  10:53  Marine x7  
  166  11:02  Marine  
  167  11:10  Marine x2  
  169  11:11  Starport  
  169  11:12  SCV, Refinery  
  169  11:13  SCV x2  
  169  11:14  Starport, Refinery  
  169  11:18  Command Center  
  172  11:19  Siege Tank x2  
  170  11:28  Medivac x2  
  163  11:33  Marine  
  163  11:34  Marine x11  
  175  11:51  Marine x2  
  175  11:52  Marine x8  
  184  12:00  Marine x2  
  182  12:09  Marine x7  
Tags
 
Add a new tag
Caveats
  • Supply blocks, unpowered buildings, or Contaminate may cause inaccurate times.
  • Supply counts are checked every 10 seconds.